 Dungeon Crawl Stone Soup version 0.29.0-4-gdea44cf6ec (webtiles) character file.

Game seed: 16132359568365413586

500 qw the Chopper (level 7, -1/41 HPs)
             Began as a Tengu Warper on Aug 29, 2022.
             Was an Initiate of Okawaru.
             Slain by a troll (3 damage)
             ... on level 5 of the Dungeon.
             The game lasted 00:00:25 (4997 turns).

qw the Chopper (Tengu Warper)                       Turns: 4997, Time: 00:00:26

Health: -1/41      AC: 11    Str: 14    XL:     7   Next: 16%
Magic:  11/11      EV:  5    Int: 13    God:    Okawaru [......]
Gold:   216        SH:  0    Dex: 13    Spells: 10/10 levels left

rFire   . . .      SeeInvis .   Y - +2 hand axe (venom)
rCold   . . .      Faith    .   (no shield)
rNeg    . . .      Spirit   .   a - +0 plate armour
rPois   +          Reflect  .   (helmet restricted)
rElec   .          Harm     .   (no cloak)
rCorr   .          Rampage  .   (no gloves)
Will    .....                   (boots unavailable)
Stlth   ..........              (no amulet)
HPRegen 0.13/turn               c - ring of poison resistance
MPRegen 0.12/turn               (no ring)

@: confused, flying quickly and evasively, quick
A: beak, talons 3, nimble flight
a: Renounce Religion


You were on level 5 of the Dungeon.
You worshipped Okawaru.
Okawaru was noncommittal.
You visited 2 branches of the dungeon, and saw 6 of its levels.

You collected 286 gold pieces.
You spent 70 gold pieces at shops.


Innate Abilities, Weirdness & Mutations

You have a beak for a mouth.
You have claws for feet.
Your magical nature lets you fly swiftly and evasively.


   Skills:
 - Level 3.3 Fighting
 + Level 7.1 Axes
 - Level 1.0 Throwing
 - Level 3.0 Armour
 - Level 2.1 Dodging
 - Level 2.0 Spellcasting
 - Level 2.4 Translocations


You had 10 spell levels left.
You didn't know any spells.
Your spell library contained the following spells:

 Spells                   Type           Power      Damage    Failure   Level
 Blink                    Tloc           14%        N/A       100%        2
 Gell's Gravitas          Tloc           7%         N/A       100%        3
 Lesser Beckoning         Tloc           7%         N/A       100%        3
 Teleport Other           Tloc           7%         N/A       100%        3
 Manifold Assault         Tloc           7%         N/A       100%        5

Inventory:

Hand Weapons
 b - a +4 flail of holy wrath
 Y - a +2 hand axe of venom (weapon)
Armour
 a - a +0 plate armour (worn)
Jewellery
 c - a ring of poison resistance (left hand)
Scrolls
 h - 2 scrolls of identify
 i - 3 scrolls of teleportation
Potions
 d - a potion of experience {unknown}
 e - 3 potions of curing
 g - a potion of berserk rage {unknown}
 j - a potion of resistance {unknown}
 l - a potion of flight {unknown}

Dungeon Overview and Level Annotations

Branches:
Dungeon (5/15)             Temple (1/1) D:4

Altars:
Ashenzari
Elyvilon
Fedhas
Gozag
Hepliaklqana
Kikubaaqudgha
Makhleb
Okawaru
Qazlal
Trog
Uskayaw
Xom
Yredelemnul
Zin

Shops:
D:1 ?


Message History

You start waiting.
A troll is nearby!
4990 ||| Stepping ~*~*~tactically~*~*~ (hiding).
You hit the troll.
The troll is poisoned.
Your kick misses the troll. You peck the troll, but do no damage.
The troll is lightly wounded.
The troll bites you but does no damage. The troll claws you.
The troll barely misses you.
You slash the troll!
The troll looks as sick as possible!
You peck the troll.
The troll is moderately wounded.
The orc wizard mumbles some strange words.
The orc wizard flickers and vanishes!
Deactivating autopickup; reactivate with Ctrl-A.
The troll bites you but does no damage. The troll claws you.
The troll claws you but does no damage.
You hit the troll.
The troll looks as sick as possible!
The troll is heavily wounded.
The troll bites you but does no damage. The troll claws you.
The troll claws you but does no damage.
You hit the troll.
The troll looks as sick as possible!
You peck the troll.
The troll is heavily wounded.
The troll barely misses you. The troll claws you. x2
You barely miss the troll. You claw the troll, but do no damage.
The troll is severely wounded.
You hit something but do no damage. Something hits you but does no damage.
The troll bites you but does no damage. The troll barely misses you.
The troll claws you.
You hit the troll.
The troll looks as sick as possible!
The troll is severely wounded.
You miss something. Something hits you. The troll bites you.
The troll claws you. The troll claws you but does no damage.
You closely miss the troll.
The troll is almost dead.
You hit something.
You hear some strange, mumbled words.
You are confused.
The troll bites you! The troll claws you but does no damage.
The troll claws you.
You die...

.. #.....#.###.#
# ...#.#.#..#
#.####
#.....#.###....#
#..#..#........#
###.#####.###..#
.... #!....#..#
#..8..#.....#..#
}..888....(....#
.#. 8..#.@...#.#
....#$T..$#.#
#.# ###.### # ..
.... #...(.
..o.#..# .r#..
..# .o#.# #.#


You could see a troll (extremely poisoned).

Vanquished Creatures
  Pargi (D:3)
  A centaur (D:3)
  A phantom (D:4)
  An orc priest (D:3)
  Terence (D:2)
  An orc wizard (D:2)
  Robin (D:3)
  5 adders
  2 worms
  5 dart slugs
  6 orcs
  12 endoplasms
  5 giant cockroaches
  10 goblins
  9 hobgoblins
  3 jackals (D:3)
  3 quokkas
  5 ball pythons
  6 bats
  A frilled lizard (D:2)
  5 kobolds
  5 rats
89 creatures vanquished.

Vanquished Creatures (others)
  2 plants (D:2)
2 creatures vanquished.

Grand Total: 91 creatures vanquished

Notes
Turn   | Place    | Note
-------+----------+-------------------------------------------
     0 | D:1      | qw the Tengu Warper began the quest for the Orb.
     0 | D:1      | Reached XP level 1. HP: 12/12 MP: 4/4
     0 | D:1      | 0 ||| qw: Version: 0.1-a-89-g26bdef1
     0 | D:1      | 0 ||| qw: Game counter: 3429
     0 | D:1      | 0 ||| qw: Always use a shield: true
     0 | D:1      | 0 ||| qw: God list: Okawaru
     0 | D:1      | 0 ||| qw: Allow faded altars: false
     0 | D:1      | 0 ||| qw: Do Orc after D:15 true
     0 | D:1      | 0 ||| qw: Do second Lair branch before Depths: true
     0 | D:1      | 0 ||| qw: Lair rune preference: random
     0 | D:1      | 0 ||| qw: Plans: Normal
     0 | D:1      | 0 ||| PLANNING D:1-11
    11 | D:1      | 11 ||| SWAPPING to +1 hand axe of venom.
    12 | D:1      | 12 ||| DROPPING +0 hand axe.
    54 | D:1      | 54 ||| Stepping ~*~*~tactically~*~*~ (stealth).
    57 | D:1      | 57 ||| Stepping ~*~*~tactically~*~*~ (stealth).
    59 | D:1      | 59 ||| Stepping ~*~*~tactically~*~*~ (stealth).
    60 | D:1      | 60 ||| Stepping ~*~*~tactically~*~*~ (stealth).
    64 | D:1      | HP: 3/12 [frozen (4)]
    65 | D:1      | HP: 1/12 [endoplasm (1)]
   345 | D:1      | Reached skill level 3 in Axes
   345 | D:1      | Reached XP level 2. HP: 17/17 MP: 6/6
   740 | D:1      | Found Hoj Vioc's Magic Scroll Shoppe.
   746 | D:1      | 746 ||| SHOPLISTING scroll of enchant armour (75 gold, have
                  | 71).
   746 | D:1      | 746 ||| BUYING scroll of identify (20 gold).
   746 | D:1      | Bought a scroll of identify for 20 gold pieces
   746 | D:1      | 746 ||| BUYING scroll of identify (20 gold).
   746 | D:1      | Bought a scroll of identify for 20 gold pieces
   746 | D:1      | 746 ||| BUYING scroll of teleportation (30 gold).
   746 | D:1      | Bought a scroll of teleportation for 30 gold pieces
   913 | D:1      | 913 ||| UPGRADING to +0 plate armour.
   923 | D:1      | 923 ||| DROPPING +0 leather armour.
   924 | D:1      | 924 ||| DROPPING ring of flight.
   925 | D:1      | 925 ||| READING 2 scrolls of identify.
   925 | D:1      | 925 ||| IDENTIFYING yellow potion
   926 | D:1      | 926 ||| DROPPING scroll of blinking.
   927 | D:1      | 927 ||| DROPPING potion of attraction.
   946 | D:2      | Found a bloodstained altar of Trog.
   957 | D:2      | 957 ||| Stepping ~*~*~tactically~*~*~ (hiding).
  1072 | D:2      | 1072 ||| DROPPING +0 club.
  1109 | D:2      | Reached XP level 3. HP: 10/21 MP: 7/7
  1291 | D:2      | 1291 ||| Stepping ~*~*~tactically~*~*~ (stealth).
  1343 | D:2      | Reached skill level 4 in Axes
  1516 | D:2      | 1516 ||| Stepping ~*~*~tactically~*~*~ (hiding).
  1520 | D:2      | 1520 ||| Stepping ~*~*~tactically~*~*~ (hiding).
  1528 | D:2      | Reached XP level 4. HP: 21/26 MP: 8/8
  1697 | D:2      | 1697 ||| Stepping ~*~*~tactically~*~*~ (hiding).
  1956 | D:2      | Found a faded altar of an unknown god.
  1956 | D:2      | Noticed Terence
  1963 | D:2      | Killed Terence
  2464 | D:2      | Gained mutation: Your magical nature lets you fly swiftly
                  | and evasively. [Tengu growth]
  2464 | D:2      | Reached XP level 5. HP: 30/30 MP: 9/9
  2540 | D:2      | 2540 ||| DROPPING ring of magical power.
  2541 | D:2      | 2541 ||| READING scroll labelled NAUBBY GAKK.
  2542 | D:2      | 2542 ||| DRINKING 2 sapphire potions.
  2587 | D:2      | 2587 ||| READING 2 scrolls of identify.
  2587 | D:2      | 2587 ||| IDENTIFYING orange potion
  2588 | D:2      | 2588 ||| DROPPING potion of ambrosia.
  2589 | D:2      | 2589 ||| DROPPING potion of lignification.
  2664 | D:3      | 2664 ||| Stepping ~*~*~tactically~*~*~ (stealth).
  2673 | D:3      | Reached skill level 5 in Axes
  2826 | D:3      | Noticed Pargi
  2839 | D:3      | Killed Pargi
  2840 | D:3      | Reached skill level 6 in Axes
  2840 | D:3      | Reached XP level 6. HP: 17/35 MP: 10/10
  3089 | D:3      | 3089 ||| Stepping ~*~*~tactically~*~*~ (stealth).
  3090 | D:3      | 3090 ||| Stepping ~*~*~tactically~*~*~ (stealth).
  3098 | D:3      | 3098 ||| Stepping ~*~*~tactically~*~*~ (hiding).
  3158 | D:3      | 3158 ||| Stepping ~*~*~tactically~*~*~ (stealth).
  3160 | D:3      | Noticed Robin
  3161 | D:3      | 3161 ||| Stepping ~*~*~tactically~*~*~ (stealth).
  3163 | D:3      | 3163 ||| Stepping ~*~*~tactically~*~*~ (hiding).
  3177 | D:3      | Killed Robin
  3180 | D:3      | 3180 ||| FLEEEEING.
  3181 | D:3      | 3181 ||| FLEEEEING.
  3182 | D:3      | 3182 ||| FLEEEEING.
  3183 | D:3      | 3183 ||| FLEEEEING.
  3184 | D:3      | 3184 ||| FLEEEEING.
  3185 | D:3      | 3185 ||| FLEEEEING.
  3186 | D:3      | 3186 ||| FLEEEEING.
  3187 | D:3      | 3187 ||| FLEEEEING.
  3188 | D:3      | 3188 ||| FLEEEEING.
  3189 | D:3      | 3189 ||| FLEEEEING.
  3254 | D:3      | 3254 ||| Stepping ~*~*~tactically~*~*~ (stealth).
  3341 | D:3      | 3341 ||| Stepping ~*~*~tactically~*~*~ (hiding).
  3354 | D:3      | Reached skill level 7 in Axes
  3862 | D:3      | 3862 ||| UPGRADING to ring of poison resistance.
  3863 | D:3      | 3863 ||| READING scroll labelled XIDACWYPNO.
  3864 | D:3      | 3864 ||| READING 2 scrolls of identify.
  3864 | D:3      | 3864 ||| IDENTIFYING green potion
  3884 | D:4      | 3884 ||| Stepping ~*~*~tactically~*~*~ (stealth).
  4088 | D:4      | Reached skill level 3 in Fighting
  4088 | D:4      | Reached XP level 7. HP: 27/41 MP: 11/11
  4196 | D:4      | Found a staircase to the Ecumenical Temple.
  4197 | D:4      | 4197 ||| PLANNING TEMPLE
  4197 | D:4      | 4197 ||| READING scroll labelled DUMIYDE IBACS.
  4198 | D:4      | 4198 ||| READING 2 scrolls of identify.
  4198 | D:4      | 4198 ||| IDENTIFYING brown potion
  4199 | D:4      | 4199 ||| DROPPING potion of degeneration.
  4205 | Temple   | Entered the Ecumenical Temple
  4242 | Temple   | Became a worshipper of Warmaster Okawaru
  4311 | Temple   | 4311 ||| PLANNING D:1-11
  4458 | D:4      | Found an opulent altar of Gozag.
  4774 | D:4      | Reached skill level 3 in Armour
  4883 | D:5      | Entered Level 5 of the Dungeon
  4984 | D:5      | Noticed a troll
  4985 | D:5      | 4985 ||| Stepping ~*~*~tactically~*~*~ (hiding).
  4986 | D:5      | 4986 ||| Stepping ~*~*~tactically~*~*~ (hiding).
  4990 | D:5      | 4990 ||| Stepping ~*~*~tactically~*~*~ (hiding).
  4997 | D:5      | HP: 2/41 [troll (13)]
  4997 | D:5      | Slain by a troll

Levels and vault maps discovered:
D:1:      dpeg_arrival_arbitrary_b, layout_basic, serial_shops, shop_fountains
D:2:      layout_loops_corners, basic_altar, serial_forest,
          infiniplex_forest_3_way, infiniplex_forest_lined_3_way,
          infiniplex_forest_clump_large, infiniplex_forest_clump_small,
          infiniplex_forest_clump_diagonal, infiniplex_forest_straight_2,
          infiniplex_forest_corner_1, basic_ecumenical_altar, uniq_terence
D:3:      layout_basic, uniq_pargi, uniq_robin
D:4:      layout_basic, amcnicky_altar_gilded,
          minmay_temple_entry_gardened_gates
D:5:      layout_loops_ring, nicolae_ru_awakened_eye, minmay_chambers_of_fives
Temple:   nicolae_temple_godzebo

Skill      XL: |  1  2  3  4  5  6  7 |
---------------+----------------------+-----
Axes           | 3 4 6 7 |  7.1
Armour         | 2 3 |  3.0
Fighting       | 3 |  3.3
Throwing       | |  1.0
Dodging        | |  2.1
Spellcasting   | |  2.0
Translocations | |  2.4

Action                   |  1- 3 |  4- 6 |  7- 9 || total
-------------------------+-------+-------+-------++-------
Melee: Hand axe          |    56 |   124 |    11 ||   191
       Kick              |    15 |    36 |     3 ||    54
       Punch             |     2 |     1 |       ||     3
       Peck              |     5 |    17 |     4 ||    26
Throw: Boomerang         |     7 |     5 |       ||    12
  Use: Scroll            |     1 |     4 |     2 ||     7
       Potion            |       |     1 |       ||     1
Armor: Leather armour    |     1 |       |       ||     1
       Plate armour      |    22 |    85 |    13 ||   120
Dodge: Dodged            |    10 |    24 |     3 ||    37

Table legend:
 A = Non-vault XP
 B = Vault XP
 C = Vault XP percentage of total XP
 D = Non-vault monster count
 E = Vault monster count
 F = Vault count percentage of total count
                 A         B        C        D         E       F
            +---------+---------+-------+---------+---------+-------
      Total |     503 |     212 |  29.7 |      74 |      15 |  16.9
            +---------+---------+-------+---------+---------+-------
        D:1 |      26 |       0 |   0.0 |      16 |       0 |   0.0
        D:2 |     105 |      36 |  25.5 |      27 |       1 |   3.6
        D:3 |     233 |     176 |  43.0 |      22 |      14 |  38.9
        D:4 |     139 |       0 |   0.0 |       9 |       0 |   0.0
            +---------+---------+-------+---------+---------+-------
